 Dungeon Crawl Stone Soup version 0.32-a0-643-ga006e7742e (webtiles) character file.

Game seed: 7736316790546079813

42 Aldia the Trooper (level 3, -2/39 HPs)
             Began as an Oni Warper on Mar 7, 2024.
             Slain by Terence
             ... wielding a +0 flail
              (12 damage)
             ... on level 2 of the Dungeon.
             The game lasted 00:01:57 (1628 turns).

Aldia the Trooper (Oni Warper)                      Turns: 1628, Time: 00:01:57

Health: -2/39      AC:  3    Str: 15    XL:     3   Next: 56%
Magic:  6/6        EV:  9    Int: 16    God:
Gold:   103        SH:  0    Dex:  8    Spells: 3/7 levels left

rFire   . . .        a - +0 mace
rCold   . . .        (no shield)
rNeg    . . .        b - +0 robe
rPois   .            (helmet restricted)
rElec   .            (no cloak)
rCorr   .            (gloves unavailable)
SInv    .            (boots unavailable)
Will    .....        (no amulet)
Stlth   +            (no ring)
HPRegen 0.26/turn    (no ring)
MPRegen 0.10/turn

%: no passive effects
@: no status effects
A: large, unfitting armour, horns 1, tough skin 1, double potion healing,
drunken brawling
a: no special abilities


You were on level 2 of the Dungeon.
You visited 1 branch of the dungeon, and saw 2 of its levels.

You collected 103 gold pieces.

Inventory:

Hand Weapons
 a - a +0 mace (weapon)
Missiles
 d - 7 darts of dispersal (quivered)
 h - 11 atropa-tipped darts
 j - 2 poisoned darts
Armour
 b - a +0 robe (worn)
Scrolls
 c - a scroll of blinking
 f - a scroll of identify {unknown}
 i - 2 scrolls of teleportation
 l - a scroll of fog {unknown}
 m - a scroll of fear {unknown}
 q - a scroll of immolation {unknown}
Potions
 e - a potion of haste {unknown}
 g - 2 potions of brilliance {unknown}
 k - a potion of attraction {unknown}
 n - 2 potions of lignification {unknown}
 o - a potion of curing {unknown}
 p - a potion of heal wounds {unknown}


   Skills:
 + Level 3.6 Fighting
 * Level 3.2 Maces & Flails
 - Level 1.0 Throwing
 - Level 2.1 Dodging
 - Level 2.5 Spellcasting
 - Level 2.6 Translocations


You had 3 spell levels left.
You knew the following spells:

 Your Spells              Type           Power      Damage    Failure   Level
a - Blink                 Tloc           20%        N/A       10%         2
b - Lesser Beckoning      Tloc           20%        N/A       10%         2

Your spell library contained the following spells:

 Spells                   Type           Power      Damage    Failure   Level
 Teleport Other           Tloc           10%        N/A       21%         3
 Manifold Assault         Tloc           10%        N/A       54%         4
 Vhi's Electric Charge    Tloc/Air       12%        N/A       75%         4


Dungeon Overview and Level Annotations

Branches:
Dungeon (2/15)

Altars:

Shops:
D:1 :

Annotations:
D:2 Terence


Innate Abilities, Weirdness & Mutations

You are too large for most types of armour.
You have a pair of small horns on your head.
You have tough skin. (AC +1)
You gain doubled healing and magic from potions.
Whenever you drink a healing potion, you attack all around you.


Message History

a +1 dagger of protection; 7 stones; a goblin corpse You see here a ball python corpse.
Terence the Incautious comes into view.
He is wielding a +0 flail.
Found a scroll labelled USHEAC GADYGI.
Terence shouts!
You hear an angry hiss.
You hear a shout!
A ball python comes into view.
The ball python hisses angrily.
Okay, then.
Okay, then.
You see here a scroll labelled USHEAC GADYGI.
q - a scroll labelled USHEAC GADYGI You barely miss Terence.
Terence hits you with a +0 flail!
You hit Terence but do no damage. You headbutt Terence, but do no damage.
Terence hits you with a +0 flail. Terence hits you with a +0 flail!
You hit Terence. You headbutt Terence!
Terence is heavily wounded.
Terence barely misses you.
You hit Terence but do no damage.
Terence is heavily wounded.
Terence misses you.
You hit Terence.
Terence is heavily wounded.
Terence hits you with a +0 flail.
You are too injured to fight recklessly!
You are too injured to fight recklessly!
You are too injured to fight recklessly!
You barely miss Terence.
Terence is heavily wounded.
Terence closely misses you.
Terence shouts, "Get ready for death!"
Terence closely misses you.
You hit Terence but do no damage.
Terence is heavily wounded.
Terence hits you with a +0 flail!
* * * LOW HITPOINT WARNING * * *
You barely miss Terence.
Terence is heavily wounded.
Terence hits you with a +0 flail!
You die...
Terence says, "Time to find some more victims."

####### #.....) #......
########......
.........).... ###
#.##.#####†### #.#
#..........# #@#
#.##.......#
#@###.###..##..###
#S....###..##.....
#..............###
..S..................# #
......##########.#######
####.. #.# . #. #.#####
# #. #.....###


You could see Terence and a ball python.

Vanquished Creatures
  2 adders (D:2)
  A ribbon worm (D:2)
  A dart slug (D:2)
  A bat (D:1)
  2 endoplasms
  A goblin (D:2)
  2 hobgoblins (D:1)
  4 quokkas
  4 ball pythons
  A kobold (D:1)
19 creatures vanquished.

Notes
Turn   | Place    | Note
-------+----------+-------------------------------------------
     0 | D:1      | Aldia the Oni Warper began the quest for the Orb.
     0 | D:1      | Reached XP level 1. HP: 22/22 MP: 3/3
   237 | D:1      | Found a faded altar of an unknown god.
   278 | D:1      | Found Icucs's Book Shop.
   711 | D:1      | Reached XP level 2. HP: 25/31 MP: 5/5
   991 | D:1      | Learned a level 2 spell: Blink
  1245 | D:2      | Reached XP level 3. HP: 26/37 MP: 6/6
  1307 | D:2      | Learned a level 2 spell: Lesser Beckoning
  1615 | D:2      | Noticed Terence
  1628 | D:2      | Slain by Terence

Illustrated notes

Levels and vault maps discovered:
D:1:      nicolae_arrival_somewhat_less_tricky_arrival, layout_basic,
          basic_ecumenical_altar, serial_shops, shop, serial_corexii_hall,
          corexii_hall_statues_s, chequers_hall_statues_wall_a,
          nrook_mini_backslash
D:2:      layout_basic, uniq_natasha, uniq_jessica, uniq_terence

Skill      XL: |  1  2  3 |
---------------+----------+-----
Fighting       | 3 |  3.6
Maces & Flails | 3 |  3.2
Throwing       | |  1.0
Dodging        | |  2.1
Spellcasting   | |  2.5
Translocations | |  2.6

Action                     || total
---------------------------++-------
  Melee: Mace              ||    94
         Headbutt          ||    12
    Use: Scroll            ||     1
 Armour: Robe              ||    81
  Dodge: Dodged            ||    42

Table legend: (Time is in decaauts)
 A = Elapsed time spent in this place.
 B = Non-inter-level travel time spent in this place.
 C = Inter-level travel time spent in this place.
 D = Time resting spent in this place.
 E = Time spent auto-exploring this place.
 F = Levels seen in this place.
 G = Mean time per level.
                   A        B        C        D        E       F      G
               +--------+--------+--------+--------+--------+-----+--------+
         Total |   1653 |   1606 |     47 |     30 |   1327 |   2 |  826.5 |
       Dungeon |   1653 |   1606 |     47 |     30 |   1327 |   2 |  826.5 |
               +--------+--------+--------+--------+--------+-----+--------+

Top non-repeatable levels by time:
     D:1: 1080 daAuts
     D:2: 572 daAuts
